AoeStats
← ThorhammerCZ

Arena

509908842Analyzed
3v3 RM · 5d ago on Sep 28, 2026· 65m 19s· 6 players
Game mode
Random Map
Map size
Normal (6 player)
Population
200
Speed
Normal
Resources
Standard
Victory
Conquest
Starting age
Dark Age
Ending age
Imperial Age
RankedLock teamsTeams togetherTeam positionsShared explorationLock speedFull tech treeHidden civsTurbo modeCheats
Victory
Defeat
🇹🇼 Teutons · Taiwan
899
+17
🇩🇪 Ethiopians · Germany
883
+18
🇩🇪 Saracens · Germany
878
+18
🇨🇿 Dravidians · Czechia
932
-18
🇨🇿 Turks · Czechia
920
-18
🇨🇿 Varangians · Czechia
912
-17
feifei0920097740
7:42 Loom
10:12 Feudal Age
11:05 Double-Bit Axe
11:47 Fletching
23:08 Castle Age
22:07 Horse Collar
22:22 Gold Mining
22:26 Stone Mining
23:44 Scale Barding Armor
32:42 Wheelbarrow
32:11 Arson
32:26 Elite Skirmisher
33:10 Padded Archer Armor
34:22 Heavy Plow
36:38 Hand Cart
36:37 Bow Saw
40:37 Squires
40:22 Gambesons
46:42 Imperial Age
49:58 Chemistry
49:04 Siege Engineers
48:58 Cavalier
49:49 Bloodlines
50:20 Ballistics
50:45 Chain Barding Armor
50:36 Forging
51:05 Stone Shaft Mining
55:30 Pikeman
59:56 Two-Man Saw
58:22 Capped Ram
59:39 Crop Rotation
59:40 Caravan
60:37 Bodkin Arrow
60:58 Leather Archer Armor
63:09 Town Watch
62:47 Crossbowman
62:51 Halberdier
KaiZen
10:48 Feudal Age
12:07 Loom
16:20 Castle Age
14:47 Double-Bit Axe
15:32 Horse Collar
19:09 Bow Saw
21:46 Scale Barding Armor
21:43 Heavy Plow
23:29 Bloodlines
23:51 Chain Barding Armor
24:36 Wheelbarrow
25:32 Fletching
26:26 Gold Mining
29:54 Imperial Age
27:30 Light Cavalry
30:35 Ballistics
30:30 Forging
31:54 Iron Casting
32:59 Conscription
34:02 Plate Barding Armor
37:11 Bodkin Arrow
38:16 Blast Furnace
37:16 Scale Mail Armor
38:29 Two-Man Saw
37:04 Pikeman
37:48 Town Watch
39:01 Gold Shaft Mining
38:16 Stone Mining
38:26 Hussar
39:47 Elite Mameluke
41:45 Masonry
42:36 Chemistry
42:20 Town Patrol
42:42 Hand Cart
44:03 Bracer
44:04 Padded Archer Armor
45:54 Hoardings
47:17 Counterweights
51:37 Siege Engineers
53:27 Fervor
53:18 Atonement
53:40 Sanctity
61:04 Husbandry
mark.schmidt
11:33 Feudal Age
12:33 Double-Bit Axe
14:18 Loom
16:45 Castle Age
17:37 Crossbowman
21:07 Padded Archer Armor
21:44 Bow Saw
21:20 Horse Collar
22:59 Ballistics
22:49 Fletching
23:22 Gold Mining
23:22 Stone Mining
25:37 Leather Archer Armor
25:33 Stone Mining
26:21 Town Watch
27:11 Wheelbarrow
27:18 Wheelbarrow
27:31 Bodkin Arrow
28:46 Gold Shaft Mining
28:46 Stone Shaft Mining
28:19 Heavy Plow
30:00 Stone Shaft Mining
30:44 Thumb Ring
32:06 Hand Cart
32:22 Town Patrol
37:05 Imperial Age
34:28 Elite Skirmisher
37:24 Forging
37:33 Arbalester
39:15 Chemistry
39:31 Conscription
39:45 Scale Mail Armor
41:08 Royal Heirs
42:14 Ring Archer Armor
41:45 Bracer
43:55 Two-Man Saw
43:07 Arson
43:22 Squires
43:41 Chain Mail Armor
44:01 Iron Casting
45:06 Plate Mail Armor
44:59 Torsion Engines
46:58 Blast Furnace
47:09 Elite Shotel Warrior
60:48 Caravan
61:19 Coinage
60:59 Guilds
ThorhammerCZ
12:00 Feudal Age
17:27 Castle Age
15:29 Double-Bit Axe
16:31 Stone Mining
16:25 Man-at-Arms
18:02 Horse Collar
21:26 Gambesons
23:24 Gold Mining
26:51 Heavy Plow
27:03 Bow Saw
27:32 Stone Shaft Mining
27:00 Scale Mail Armor
27:13 Squires
28:49 Forging
39:29 Wheelbarrow
41:16 Hand Cart
41:22 Chain Mail Armor
43:46 Iron Casting
47:07 Imperial Age
Surgen
11:29 Feudal Age
11:55 Double-Bit Axe
13:34 Horse Collar
20:12 Castle Age
18:29 Stone Mining
21:09 Bow Saw
21:01 Heavy Plow
22:54 Fervor
23:29 Wheelbarrow
24:54 Gold Mining
27:06 Hand Cart
27:30 Gold Shaft Mining
31:15 Caravan
31:19 Padded Archer Armor
31:10 Fletching
33:02 Leather Archer Armor
37:31 Imperial Age
37:36 Capped Ram
37:46 Elite Janissary
38:27 Artillery
39:47 Ring Archer Armor
40:17 Ballistics
40:19 Siege Ram
43:52 Two-Man Saw
43:57 Bodkin Arrow
46:13 Bracer
Majk
10:14 Feudal Age
11:08 Double-Bit Axe
13:13 Loom
15:54 Castle Age
17:32 Town Watch
21:59 Horse Collar
23:20 Gold Mining
24:45 Wheelbarrow
26:37 Bow Saw
26:29 Heavy Plow
28:24 Scale Mail Armor
30:31 Forging
30:37 Chain Mail Armor
35:38 Town Patrol
40:54 Scale Barding Armor
50:36 Iron Casting
52:25 Hand Cart
Connection lost

Rejoining the realm…

Still unreachable

The connection could not be restored.

Session expired

The server has moved on; the page needs a fresh start.